 Dungeon Crawl Stone Soup version 0.31-a0-222-gefeffbb62a (webtiles) character file.

Game seed: 1975393217804462892

89 qw the Shooter (level 4, -2/26 HPs)
             Began as a Gargoyle Hexslinger on July 4, 2023.
             Slain by an adder (3 damage)
             ... on level 2 of the Dungeon.
             The game lasted 00:00:32 (1430 turns).

qw the Shooter (Gargoyle Hexslinger)                Turns: 1430, Time: 00:00:32

Health: -2/26      AC:  9    Str: 11    XL:     4   Next: 55%
Magic:  5/5        EV: 10    Int: 14    God:
Gold:   50         SH:  0    Dex: 14    Spells: 4/5 levels left

rFire   . . .        Y - +1 sling
rCold   . . .        (no shield)
rNeg    + . .        f - +0 ring mail
rPois   inf          (no helmet)
rElec   +            (no cloak)
rCorr   .            g - +0 pair of gloves
SInv    .            (no boots)
Will    .....        (no amulet)
Stlth   +            (no ring)
HPRegen 0.24/turn    (no ring)
MPRegen 0.09/turn

%: no passive effects
@: no status effects
A: sickness immunity, AC +3, negative energy resistance 1, electricity
resistance, torment resistance 1, petrification resistance
a: no special abilities


You were on level 2 of the Dungeon.
You visited 1 branch of the dungeon, and saw 2 of its levels.

You collected 50 gold pieces.


Innate Abilities, Weirdness & Mutations

You are immune to sickness and miasma.
Your stone body is resilient. (AC +3)
You are immune to poison.
You resist negative energy. (rN+)
You are resistant to electric shocks. (rElec)
You are resistant to unholy torment.
You are immune to petrification.


   Skills:
 - Level 2.0 Fighting
 + Level 4.1 Ranged Weapons
 - Level 1.0 Armour
 - Level 1.5 Dodging
 - Level 1.0 Spellcasting
 - Level 2.6 Hexes


You had 4 spell levels left.
You knew the following spells:

 Your Spells              Type           Power      Damage    Failure   Level
a - Slow                  Hex            32%        N/A       21%         1

Your spell library contained the following spells:

 Spells                   Type           Power      Damage    Failure   Level
 Inner Flame              Hex/Fire       4%         N/A       71%         3
 Portal Projectile        Hex/Tloc       8%         N/A       71%         3
 Cause Fear               Hex            4%         N/A       90%         4

Inventory:

Hand Weapons
 Y - a +1 sling (weapon)
Armour
 f - a +0 ring mail (worn)
 g - a +0 pair of gloves (worn)
Scrolls
 a - a scroll of brand weapon {unknown}
 c - a scroll of blinking {unknown}
Potions
 b - a potion of haste {unknown}
 d - a potion of invisibility {unknown}
 e - a potion of mutation {unknown}

Dungeon Overview and Level Annotations

Branches:
Dungeon (2/15)

Altars:


Message History

You shoot a sling bullet.
The sling bullet hits Terence but does no damage.
Terence is heavily wounded.
The hobgoblin hits you but does no damage.
Terence hits you but does no damage. x2; The hobgoblin barely misses you.
You shoot a sling bullet.
The sling bullet hits Terence but does no damage.
Terence is heavily wounded.
The hobgoblin closely misses you. Terence barely misses you.
You shoot a sling bullet. The sling bullet hits Terence.
Terence is heavily wounded.
The hobgoblin closely misses you. Terence hits you but does no damage.
The hobgoblin hits you but does no damage.
Terence hits you but does no damage.
You shoot a sling bullet. The sling bullet hits Terence.
Terence is severely wounded.
The hobgoblin misses you. Terence hits you but does no damage.
You shoot a sling bullet.
The sling bullet hits Terence but does no damage.
Terence is severely wounded.
The hobgoblin barely misses you. Terence hits you with a +0 hand axe.
You shoot a sling bullet. The sling bullet hits Terence.
Terence is almost dead.
The hobgoblin closely misses you. Terence hits you but does no damage.
The hobgoblin hits you but does no damage.
Terence barely misses you.
You shoot a sling bullet. The sling bullet hits Terence.
You kill Terence!
The hobgoblin barely misses you. The adder closely misses you.
Your Ranged Weapons skill increases to level 4!
You shoot a sling bullet.
The sling bullet barely misses the adder.
The adder closely misses you. The hobgoblin misses you.
The adder barely misses you.
You shoot a sling bullet. The sling bullet misses the adder.
The hobgoblin barely misses you. The adder barely misses you.
The hobgoblin hits you but does no damage.
You shoot a sling bullet. The sling bullet misses the adder.
The adder bites you. x2
You die...

#..#..# #.###.# #.
#.# ##. .. #. ##
##.## # .... #..#
#..# .#####gS###.#
.......@[...#
######..##### #..#
# #..# . #..# #
######..# #
........# #
#############.#
####.............#


You could see an adder and a hobgoblin.

Vanquished Creatures
  Terence (D:2)
  2 adders (D:2)
  2 dart slugs (D:1)
  2 bats (D:2)
  8 endoplasms
  A giant cockroach (D:1)
  5 goblins (D:1)
  6 hobgoblins
  2 jackals (D:1)
  A quokka (D:1)
  2 ball pythons
  A frilled lizard (D:1)
  3 kobolds
  A rat (D:1)
37 creatures vanquished.

Notes
Turn   | Place    | Note
-------+----------+-------------------------------------------
     0 | D:1      | qw the Gargoyle Hexslinger began the quest for the Orb.
     0 | D:1      | Reached XP level 1. HP: 12/12 MP: 2/2
     0 | D:1      | 0 ||| qw: Version: 0.3-a-46-gb1f654a
     0 | D:1      | 0 ||| qw: Game counter: 870
     0 | D:1      | 0 ||| qw: Melee chars always use a shield: true
     0 | D:1      | 0 ||| qw: God list: Okawaru
     0 | D:1      | 0 ||| qw: Allow faded altars: false
     0 | D:1      | 0 ||| qw: Do Orc after clearing Dungeon:15 true
     0 | D:1      | 0 ||| qw: Do second Lair branch before Depths: true
     0 | D:1      | 0 ||| qw: Lair rune preference: random
     0 | D:1      | 0 ||| qw: Goals: Normal
     0 | D:1      | 0 ||| PLANNING D:1-11
   254 | D:1      | Reached XP level 2. HP: 16/16 MP: 3/3
   430 | D:1      | Reached skill level 3 in Ranged Weapons
   562 | D:1      | Reached XP level 3. HP: 21/21 MP: 4/4
   984 | D:1      | 984 ||| UPGRADING to +0 ring mail.
   994 | D:1      | 994 ||| DROPPING +0 robe.
   995 | D:1      | 995 ||| UPGRADING to +0 pair of gloves.
  1000 | D:1      | 1000 ||| READING scroll labelled LOAH CEOQANO.
  1001 | D:1      | 1001 ||| DROPPING scroll of poison.
  1079 | D:2      | Reached skill level 1 in Armour
  1403 | D:2      | Noticed Terence
  1408 | D:2      | Reached XP level 4. HP: 26/26 MP: 5/5
  1418 | D:2      | HP: 6/26 [Terence/+0 hand axe (1)]
  1425 | D:2      | HP: 1/26 [Terence/+0 hand axe (5)]
  1427 | D:2      | Killed Terence
  1428 | D:2      | Reached skill level 4 in Ranged Weapons
  1430 | D:2      | HP: 1/26 [adder (1)]
  1430 | D:2      | Slain by an adder

Levels and vault maps discovered:
D:1:      erik_arrival_triangle_large, layout_basic
D:2:      layout_loops_ring, uniq_terence

Skill      XL: |  1  2  3  4 |
---------------+-------------+-----
Ranged Weapons | 3 4 |  4.1
Fighting       | 2 |  2.0
Armour         | 1 |  1.0
Dodging        | |  1.5
Spellcasting   | |  1.0
Hexes          | |  2.6

Action                     |  1- 3 |  4- 6 || total
---------------------------+-------+-------++-------
   Fire: Sling             |   130 |    23 ||   153
    Use: Scroll            |     1 |       ||     1
 Armour: Robe              |     9 |       ||     9
         Ring mail         |    28 |    21 ||    49
  Dodge: Dodged            |    42 |    27 ||    69

Table legend:
 A = Non-vault XP
 B = Vault XP
 C = Vault XP percentage of total XP
 D = Non-vault monster count
 E = Vault monster count
 F = Vault count percentage of total count
                 A         B        C        D         E       F
            +---------+---------+-------+---------+---------+-------
      Total |      92 |      36 |  28.1 |      36 |       1 |   2.7
            +---------+---------+-------+---------+---------+-------
        D:1 |      48 |       0 |   0.0 |      24 |       0 |   0.0
        D:2 |      44 |      36 |  45.0 |      12 |       1 |   7.7
            +---------+---------+-------+---------+---------+-------
